 Dungeon Crawl Stone Soup version 0.17-a0-1-g1f4be75 (webtiles) character file.

370 McCoppin the Sneak (level 6, 0/25 HPs)
             Began as a Felid Transmuter on Mar 8, 2015.
             Was a Follower of Cheibriados.
             Slain by a giant frog (7 damage)
             ... on level 5 of the Dungeon.
             The game lasted 00:43:55 (6682 turns).

McCoppin the Sneak (Felid Transmuter)               Turns: 6682, Time: 00:43:55

Health: 0/25       AC:  2    Str:  9    XL:     6   Next: 42%
Magic:  13/14      EV: 18    Int: 17    God:    Cheibriados [*.....]
Gold:   227        SH:  0    Dex: 19    Spells: 2 memorised, 6 levels left
                                        Lives:  0   Deaths: 1

rFire  + . .     SeeInvis +       - Unarmed
rCold  . . .     Clarity  .     (armour unavailable)
rNeg   . . .     SustAb   .     (shield unavailable)
rPois  .         Gourm    .     (helmet unavailable)
rElec  .         Spirit   .     (cloak unavailable)
rCorr  .         Warding  .     (gloves unavailable)
rMut   .         Stasis   .     (boots unavailable)
MR     .....                    (no amulet)
Stlth  +++++.....               (no ring)
                                m - ring of protection from fire

@: appendage, slow, not resistant to hostile enchantments, quite stealthy
A: paw claws, no armour, no weapons or thrown items, fangs 3, horns 2, see
invisible, carnivore 3, speed 1, shaggy fur 2, slow metabolism 1, sharp paws
a: End Transformation, Bend Time, Renounce Religion


You were on level 5 of the Dungeon.
You worshipped Cheibriados.
Cheibriados was aware of your devotion.
You were not hungry.
You had grown temporary horns.
You visited 2 branches of the dungeon, and saw 6 of its levels.

You collected 227 gold pieces.

Inventory:

Missiles
 b - 41 arrows
 f - 5 arrows of flame
 j - 10 arrows of frost
Jewellery
 m - a ring of protection from fire (left paw)
 o - an uncursed amulet of faith
Magical devices
 k - a wand of confusion (32)
 r - a wand of frost (33)
 t - a wand of paralysis (6)
Scrolls
 e - a scroll of identify
 h - 3 scrolls of fog
 n - a scroll of fear {unknown}
 p - a scroll of magic mapping
 q - a scroll of amnesia
Potions
 g - a potion of cancellation
 l - a potion of restore abilities
 u - a potion of haste
Books
 d - a book of Changes

   Spells                             Type                      Level
   a - Beastly Appendage              Transmutation                1
   b - Sticks to Snakes               Transmutation                2
   c - Spider Form                    Transmutation/Poison         3
   d - Ice Form                       Ice/Transmutation            4
   e - Blade Hands                    Transmutation                5
Comestibles
 a - a meat ration
 c - a slice of pizza
 i - a royal jelly
 s - a beef jerky
 v - 2 chunks of flesh


   Skills:
 - Level 1.0 Fighting
 - Level 2.6 Dodging
 + Level 7.8 Stealth
 - Level 4.1 Unarmed Combat
 - Level 2.0 Spellcasting
 - Level 3.8 Transmutations


You had 6 spell levels left.
You knew the following spells:

 Your Spells              Type           Power        Failure   Level  Hunger
a - Beastly Appendage     Trmt           ##....       4%          1    #......
b - Sticks to Snakes      Trmt           ##........   10%         2    ###....


Dungeon Overview and Level Annotations

Branches:
Dungeon (5/15)             Temple (1/1) D:4

Altars:
Ashenzari
Cheibriados
Dithmenos
Elyvilon
Fedhas
Gozag
Kikubaaqudgha
Qazlal
Sif Muna
Trog
Zin
The Shining One


Innate Abilities, Weirdness & Mutations

You cannot wear armour.
You are incapable of wielding weapons or throwing items.
You have razor-sharp teeth.
You have supernaturally acute eyesight.
You are carnivorous and can eat meat at any time.
You cover ground quickly.
You are covered in thick fur (AC +2).
You have a slow metabolism.
Your paws have sharp claws that are effective at stabbing.
You have a pair of horns on your head.


Message History

The giant frog hits you!
Casting: Beastly Appendage
Confirm with . or Enter, or press ? or * to list all spells.
You grow a pair of large bovine horns.
The giant frog closely misses you.
You claw the giant frog!
The giant frog begins to bleed from its wounds!
The giant frog is heavily wounded.
The giant frog completely misses you. The giant frog closely misses you.
You scratch the giant frog. Your headbutt misses the giant frog.
You bite the giant frog.
The giant frog is severely wounded.
The giant frog hits you but does no damage.
You barely miss the giant frog. You headbutt the giant frog.
The giant frog is severely wounded.
The giant frog hits you.
* * * LOW HITPOINT WARNING * * *
You scratch the giant frog.
The giant frog is almost dead.
The giant frog hits you!
You die...

..# ###..## ..#
##..## . ..#
#...#####... .##
##........# ##
##.....### #
###..####
##########...##
##....[.......##
#...........@F?#
#...#########...##
#..Z ##...## #g..
#....# g..
##.....5.a.# .
#..$......
#......###
#...#### ....#


You could see a giant frog (bleeding).

Vanquished Creatures
  An ogre (D:4)
  2 worker ants (D:4)
  A giant frog skeleton (D:4)
  A worker ant zombie (D:5)
  A gnoll (D:2)
  8 adders
  A giant mite (D:5)
  2 worms
  An ooze (D:2)
  9 orcs
  9 bats
  A bat skeleton (D:5)
  4 giant cockroaches
  15 goblins
  7 hobgoblins
  6 jackals
  5 quokkas
  A ball python (D:4)
  A giant gecko skeleton (D:4)
  A giant gecko zombie (D:5)
  5 giant newts
  A jackal skeleton (D:4)
  6 kobolds
  A quokka zombie (D:5)
  8 rats
98 creatures vanquished.

Vanquished Creatures (collateral kills)
  The ghost of vatarom the Insei, an average DrTm of Cheibriados (D:3)
  A hobgoblin (D:3)
  A giant newt (D:3)
  A goblin (D:3)
  2 jackals (D:2)
  A rat (D:3)
7 creatures vanquished.

Grand Total: 105 creatures vanquished

Notes
Turn   | Place    | Note
--------------------------------------------------------------
     0 | D:1      | McCoppin, the Felid Transmuter, began the quest for the Orb.
     0 | D:1      | Reached XP level 1. HP: 9/9 MP: 4/4
   308 | D:1      | Reached XP level 2. HP: 12/12 MP: 3/5
   312 | D:1      | Learned a level 2 spell: Sticks to Snakes
   514 | D:1      | Reached skill level 4 in Unarmed Combat
  1036 | D:2      | Reached XP level 3. HP: 13/15 MP: 6/8
  2417 | D:3      | Noticed vatarom's ghost (average DrTm)
  2428 | D:3      | Reached XP level 4. HP: 12/19 MP: 8/10
  2758 | D:3      | Found a blossoming altar of Fedhas.
  3368 | D:2      | Reached skill level 1 in Stealth
  3794 | D:2      | Slain by an adder
  3795 | D:2      | Reached XP level 3. HP: -1/15 MP: 8/8
  3911 | D:3      | Found a stormy altar of Qazlal.
  4013 | D:3      | Reached XP level 4. HP: 11/19 MP: 5/10
  4421 | D:3      | Killed vatarom's ghost
  4661 | D:4      | Noticed an ogre
  4678 | D:4      | Killed an ogre
  4678 | D:4      | Reached skill level 6 in Stealth
  4678 | D:4      | Reached XP level 5. HP: 22/22 MP: 12/12
  5239 | D:4      | Reached skill level 7 in Stealth
  5239 | D:4      | Gained mutation: You are covered in thick fur (AC +2). [growing up]
  5239 | D:4      | Reached XP level 6. HP: 25/25 MP: 14/14
  5353 | D:4      | Found a staircase to the Ecumenical Temple.
  5370 | Temple   | Entered the Ecumenical Temple
  5767 | Temple   | Became a worshipper of Cheibriados the Contemplative
  6258 | D:5      | Entered Level 5 of the Dungeon
  6468 | D:5      | Found a bloodstained altar of Trog.
  6632 | D:5      | Acquired Cheibriados' first power
  6682 | D:5      | Slain by a giant frog

Action                   |  1- 3 |  4- 6 || total
-------------------------+-------+-------++-------
Melee: Unarmed           |   109 |   153 ||   262
 Cast: Beastly Appendage |    17 |    13 ||    30
       Sticks to Snakes  |    11 |     6 ||    17
Evoke: Wand              |       |     2 ||     2
  Use: Scroll            |     6 |     3 ||     9
       Potion            |     2 |     4 ||     6
 Stab: Sleeping          |     5 |    15 ||    20
       Confused          |       |     1 ||     1
       Distracted        |       |     1 ||     1
  Eat: Chunk             |     9 |     7 ||    16
